[Event "Titled Tuesday Blitz June 20 Late 2023"]
[White "Katz, Alexander"]
[Black "Mikhalsky, Vladimir"]
[WhiteFideId "2039796"]
[BlackFideId "14144352"]
[WhiteElo "2389"]
[BlackElo "2236"]
[Result "1-0"]
[Round "1"]
[TimeControl "180+2"]
[Date "2023.06.20"]
[WhiteClock "0:01:14"]
[BlackClock "0:00:00"]
[Board "111"]

1. e4 g6 2. d4 Bg7 3. Nc3 d6 4. f4 Nf6 5. Nf3 O-O 6. Bd3 Na6 7. O-O c5 8. d5 b5 9. Bxb5 Qb6 10. Bc4 Rb8 11. e5 dxe5 12. fxe5 Ng4 13. Qe2 h5 14. b3 Nc7 15. Bf4 Ba6 16. h3 Nh6 17. Bxa6 Qxa6 18. Qxa6 Nxa6 19. Ne4 c4 20. bxc4 Rfc8 21. Nfd2 Rb2 22. Rfc1 Nb4 23. Rab1 Nxa2 24. Rxb2 Nxc1 25. Kf1 Nf5 26. c5 Nd4 27. c6 e6 28. Nd6 Rc7 29. Ne8 Rc8 30. c7 exd5 31. Rb8 1-0


[Site "https://www.chess.com"]

[Event "Titled Tuesday Blitz June 20 Late 2023"]
[White "Figorito, Nick"]
[Black "Kakabayev, Mergen"]
[WhiteFideId "30923689"]
[BlackFideId "14002990"]
[WhiteElo "2365"]
[BlackElo "2240"]
[Result "1/2-1/2"]
[Round "1"]
[TimeControl "180+2"]
[Date "2023.06.20"]
[WhiteClock "0:00:50"]
[BlackClock "0:01:51"]
[Board "112"]

1. Nf3 Nf6 2. g3 b5 3. Bg2 Bb7 4. O-O e6 5. b3 Be7 6. Bb2 O-O 7. d3 d5 8. Nbd2 Nbd7 9. Re1 c5 10. a4 a6 11. axb5 axb5 12. Rxa8 Qxa8 13. Qa1 b4 14. Qxa8 Rxa8 15. Ra1 Rxa1+ 16. Bxa1 Ne8 17. Kf1 Nd6 18. Ke1 Nb5 19. Bb2 Bf6 20. Bxf6 gxf6 21. Kd1 Kf8 22. Nb1 d4 23. Nxd4 cxd4 24. Bxb7 Ne5 25. h3 Ke7 26. Be4 h6 27. f4 Nd7 28. Bc6 Nd6 29. Bxd7 Kxd7 30. g4 f5 31. Ke1 fxg4 32. hxg4 f5 33. g5 hxg5 34. fxg5 Ke7 35. Nd2 Nb5 36. Nf3 Kf7 37. Ne5+ Ke7 38. Nc6+ Kf7 39. Nxb4 Kg6 40. Nc6 Kxg5 41. Kd2 Kf4 42. Nd8 e5 43. Ne6+ Kg3 44. Ng7 Kg4 45. Ne6 f4 46. Nc5 Kf5 47. Ne4 Ke6 48. c4 dxc3+ 49. Nxc3 Nd4 50. b4 Kd6 51. Ne4+ Kc6 52. Nc5 Kb5 53. Nd7 f3 54. exf3 Nxf3+ 55. Ke3 Ne1 56. Nxe5 Kxb4 57. d4 Nc2+ 58. Kd3 Nxd4 1/2-1/2


[Site "https://www.chess.com"]

[Event "Titled Tuesday Blitz June 20 Late 2023"]
[White "Amburgy, Ryan"]
[Black "Bueno, Alfeu Junior Varela"]
[WhiteFideId "30924820"]
[BlackFideId "2108879"]
[WhiteElo "2134"]
[BlackElo "2175"]
[Result "1-0"]
[Round "1"]
[TimeControl "180+2"]
[Date "2023.06.20"]
[WhiteClock "0:00:15"]
[BlackClock "0:00:03"]
[Board "113"]

1. d4 e6 2. c4 f5 3. g3 Nf6 4. Bg2 Be7 5. Nc3 O-O 6. Nf3 Bb4 7. Bd2 b6 8. Ne5 c6 9. O-O Bb7 10. Nd3 Bxc3 11. Bxc3 d5 12. Nf4 Re8 13. Rc1 Nbd7 14. Bb4 c5 15. dxc5 bxc5 16. Ba3 Nb6 17. cxd5 Nbxd5 18. Nxd5 exd5 19. Bxc5 Qa5 20. Bd4 Ne4 21. Bxe4 dxe4 22. e3 Ba6 23. Re1 Rac8 24. Qb3+ Kh8 25. Rc3 Bc4 26. Qd1 Bxa2 27. Qh5 Kg8 28. Rec1 Rxc3 29. Qxe8# 1-0


[Site "https://www.chess.com"]

[Event "Titled Tuesday Blitz June 20 Late 2023"]
[White "Stachanczyk, Jacek"]
[Black "Sai Krishna G V"]
[WhiteFideId "1116657"]
[BlackFideId "5028280"]
[WhiteElo "2084"]
[BlackElo "2359"]
[Result "0-1"]
[Round "1"]
[TimeControl "180+2"]
[Date "2023.06.20"]
[WhiteClock "0:00:20"]
[BlackClock "0:01:27"]
[Board "114"]

1. e4 e5 2. Nf3 Nc6 3. Bb5 a6 4. Ba4 d6 5. O-O Nf6 6. Re1 Be7 7. c3 b5 8. Bb3 O-O 9. h3 Nd7 10. d4 Bf6 11. Be3 Na5 12. Bc2 Nc4 13. Bc1 Bb7 14. b3 Ncb6 15. Bb2 c5 16. d5 c4 17. Nbd2 Nc5 18. Qe2 a5 19. bxc4 bxc4 20. Nxc4 Ba6 21. Nfd2 Rc8 22. Ba3 Nca4 23. Bd3 Nxc3 24. Qf1 Nxc4 25. Nxc4 Be7 26. Rec1 Nb5 27. Bb2 Nd4 28. Bxd4 exd4 29. Nd2 Bxd3 30. Qxd3 Bf6 31. Nb3 Qb6 32. Rcb1 Rc3 33. Qd2 d3 34. Nc1 Qd4 35. Ne2 dxe2 36. Qxd4 Bxd4 0-1


[Site "https://www.chess.com"]

[Event "Titled Tuesday Blitz June 20 Late 2023"]
[White "Papasimakopoulos, Alexandros"]
[Black "Lalanne, Pablo"]
[WhiteFideId "4244125"]
[BlackFideId "112151"]
[WhiteElo "2359"]
[BlackElo "2120"]
[Result "1-0"]
[Round "1"]
[TimeControl "180+2"]
[Date "2023.06.20"]
[WhiteClock "0:00:55"]
[BlackClock "0:00:00"]
[Board "115"]

1. d4 Nf6 2. c4 e6 3. Nc3 Bb4 4. Qc2 d5 5. cxd5 exd5 6. Bg5 h6 7. Bh4 O-O 8. e3 c6 9. Bd3 Re8 10. Nf3 Nbd7 11. O-O Bd6 12. Bg3 Qe7 13. Rab1 a5 14. a3 Bxg3 15. hxg3 Ne4 16. Bxe4 dxe4 17. Nd2 Nf6 18. b4 axb4 19. axb4 Bf5 20. b5 Rac8 21. bxc6 Rxc6 22. Qb3 Rec8 23. Na4 R8c7 24. Nc5 b6 25. Na6 Rc8 26. Nb4 Rc3 27. Qa4 Ng4 28. Nd5 Qg5 29. Rfd1 Rc2 30. Qb4 Kh7 31. Nf4 h5 32. Rb2 h4 33. Rxc2 Rxc2 34. Nh3 Qf6 35. gxh4 Qxh4 36. Qb3 Rc6 37. Qxf7 Bg6 38. Qf4 Rf6 39. Qg3 Qxg3 40. fxg3 Nxe3 41. Re1 Nf5 42. Nxe4 Rf8 43. d5 1-0


[Site "https://www.chess.com"]

[Event "Titled Tuesday Blitz June 20 Late 2023"]
[White "Schuster, Karsten"]
[Black "Leon Oquendo, Jorge"]
[WhiteFideId "4611071"]
[BlackFideId "3514803"]
[WhiteElo "2254"]
[BlackElo "2276"]
[Result "0-1"]
[Round "1"]
[TimeControl "180+2"]
[Date "2023.06.20"]
[WhiteClock "0:00:08"]
[BlackClock "0:00:21"]
[Board "116"]

1. d4 Nf6 2. c4 e6 3. Nc3 Bb4 4. Qc2 b6 5. a3 Bxc3+ 6. Qxc3 Bb7 7. Bg5 h6 8. Bh4 g5 9. Bg3 Ne4 10. Qc2 d6 11. e3 Nd7 12. f3 Nxg3 13. hxg3 Qe7 14. Bd3 c5 15. Ne2 Rc8 16. Qa4 a6 17. Kf2 Kf8 18. Rac1 f5 19. d5 Kg7 20. dxe6 Qxe6 21. Qc2 Rce8 22. Qd2 Nf6 23. Rce1 Re7 24. Nc3 Rd8 25. Qc2 Bc8 26. e4 f4 27. gxf4 gxf4 28. Nd5 Nxd5 29. exd5 Qf6 30. Rxe7+ Qxe7 31. Qc3+ Qe5 32. Qxe5+ dxe5 33. b4 cxb4 34. axb4 Bb7 35. Rh5 Re8 36. Be4 a5 37. b5 a4 38. g3 fxg3+ 39. Kxg3 a3 40. Rh2 Ra8 41. Ra2 Kf6 42. Kf2 Ke7 43. d6+ Kxd6 44. Bxb7 Ra7 45. Bd5 Kc5 46. Ke3 Kb4 47. Ke4 Re7 48. Kf5 Re8 49. Kg6 Rd8 50. Kxh6 Kb3 51. c5+ Rxd5 52. Ra1 Rxc5 53. Kg6 a2 54. Kf5 Kb2 0-1


[Site "https://www.chess.com"]

[Event "Titled Tuesday Blitz June 20 Late 2023"]
[White "Korchmar, Vasiliy"]
[Black "Rian, Kapriaga"]
[WhiteFideId "24131750"]
[BlackFideId "7103263"]
[WhiteElo "2370"]
[BlackElo "2351"]
[Result "1-0"]
[Round "1"]
[TimeControl "180+2"]
[Date "2023.06.20"]
[WhiteClock "0:01:50"]
[BlackClock "0:00:00"]
[Board "117"]

1. e4 d5 2. exd5 Qxd5 3. Nc3 Qd8 4. d4 Nf6 5. Nf3 Bg4 6. h3 Bxf3 7. Qxf3 c6 8. Be3 e6 9. Bd3 Nbd7 10. O-O-O Bb4 11. Ne4 Nxe4 12. Bxe4 Nf6 13. Bd3 Qd5 14. Qxd5 cxd5 15. g4 Rc8 16. Kb1 a6 17. f3 h5 18. g5 Ng8 19. g6 f5 20. Bf4 Ne7 21. c3 Ba5 22. Rde1 Nxg6 23. Rxe6+ Kf7 24. Rxg6 Kxg6 25. Rg1+ Kf7 26. Bxf5 Rc6 27. Be5 Rg8 28. Bh7 g6 29. Bxg8+ Kxg8 30. f4 Kf7 31. f5 gxf5 32. Rg7+ Kf8 33. Rxb7 Bd8 34. Rd7 Bg5 35. Rxd5 f4 36. Bxf4 Bxf4 37. Rf5+ Kg7 38. Rxf4 Kg6 39. h4 Re6 40. d5 Rd6 41. Rd4 Kf5 42. Kc2 Ke5 43. Kd3 1-0


[Site "https://www.chess.com"]

[Event "Titled Tuesday Blitz June 20 Late 2023"]
[White "Silva Lucena, Cristian"]
[Black "Ganiev, Roman"]
[WhiteFideId "2232588"]
[BlackFideId "4131452"]
[WhiteElo "2223"]
[BlackElo "2660"]
[Result "1-0"]
[Round "1"]
[TimeControl "180+2"]
[Date "2023.06.20"]
[WhiteClock "0:01:11"]
[BlackClock "0:00:05"]
[Board "118"]

1. d4 Nf6 2. c4 e6 3. Nc3 Bb4 4. Qc2 O-O 5. e4 d5 6. e5 Ne4 7. Bd3 c5 8. Nf3 Nc6 9. dxc5 Bxc3+ 10. bxc3 Qa5 11. O-O Qxc5 12. cxd5 exd5 13. Bxe4 dxe4 14. Qxe4 Qxc3 15. Ng5 g6 16. Bf4 Bf5 17. Qa4 Qd4 18. Qxd4 Nxd4 19. Be3 Nc2 20. Rac1 Rfd8 21. Bc5 b6 22. Bd6 Rac8 23. h3 h5 24. Nf3 Be6 25. a4 Bb3 26. a5 bxa5 27. Ng5 a4 28. Ne4 a3 29. Nc5 Rxc5 30. Bxc5 Rd5 31. Bd6 a2 32. f4 a5 33. Kh2 a4 34. Kg3 Rd3+ 35. Kh4 Rd2 36. g4 hxg4 37. hxg4 Kg7 38. Kg5 Rg2 39. Be7 Be6 40. Bf6+ Kg8 41. Rxc2 Rxg4+ 42. Kh6 Rg3 43. Rh2 a3 44. Rd1 1-0


[Site "https://www.chess.com"]

[Event "Titled Tuesday Blitz June 20 Late 2023"]
[White "Spata, German"]
[Black "Della Corte, Alessandro"]
[WhiteFideId "113026"]
[BlackFideId "813540"]
[WhiteElo "2260"]
[BlackElo "2205"]
[Result "1-0"]
[Round "1"]
[TimeControl "180+2"]
[Date "2023.06.20"]
[WhiteClock "0:00:06"]
[BlackClock "0:00:07"]
[Board "119"]

1. Nf3 d5 2. e3 Nf6 3. d4 e6 4. Be2 Be7 5. O-O O-O 6. b3 Nbd7 7. Bb2 b6 8. c4 Bb7 9. Nc3 a6 10. Rc1 Bd6 11. Bd3 Ne4 12. Nd2 Nxc3 13. Bxc3 Qe7 14. e4 dxe4 15. Nxe4 Ba3 16. Rc2 Nf6 17. d5 Nxe4 18. Bxe4 exd5 19. Qg4 f6 20. cxd5 Bd6 21. Re1 Qf7 22. Qf5 g6 23. Qe6 Rae8 24. Qxf7+ Kxf7 25. Rce2 f5 26. Bf3 a5 27. h4 Rxe2 28. Rxe2 Re8 29. Re6 Bc8 30. Rxe8 Kxe8 31. Kf1 Ke7 32. g3 Ba6+ 33. Be2 Bxe2+ 34. Kxe2 Bb4 35. Be5 Bd6 36. Bd4 Bb4 37. Be5 Bd6 38. Bd4 Bb4 39. Kd3 Kd6 40. Kc4 Be1 41. Be3 Kd7 42. Bd4 Bb4 43. Be5 Bd6 44. Bxd6 Kxd6 45. Kd4 b5 46. f3 h6 47. a3 g5 48. hxg5 hxg5 49. g4 fxg4 50. fxg4 c5+ 51. dxc6 Kxc6 52. Ke5 Kc5 53. Kf5 Kd4 54. Kxg5 Kc3 55. Kf4 Kxb3 56. g5 b4 57. axb4 a4 58. g6 a3 59. g7 a2 60. g8=Q+ Kb2 61. Qxa2+ Kc3 62. Qa3+ 1-0


[Site "https://www.chess.com"]

[Event "Titled Tuesday Blitz June 20 Late 2023"]
[White "Skaric, Djuro"]
[Black "DopplerCharlotteDeWitte"]
[WhiteFideId "934569"]
[WhiteElo "2282"]
[BlackElo "2659"]
[Result "0-1"]
[Round "1"]
[TimeControl "180+2"]
[Date "2023.06.20"]
[WhiteClock "0:01:20"]
[BlackClock "0:01:24"]
[Board "120"]

1. g3 d5 2. Bg2 Nf6 3. d3 e5 4. Nf3 Nc6 5. O-O Be7 6. h3 O-O 7. Nc3 h6 8. e4 Be6 9. Kh2 Qd7 10. Nd2 Rad8 11. f3 dxe4 12. fxe4 Nd4 13. Nf3 Nxf3+ 14. Qxf3 c5 15. Be3 b5 16. a4 b4 17. Ne2 b3 18. cxb3 Qxd3 19. Nc3 Bxb3 20. Rf2 Qa6 21. g4 Nh7 22. Qg3 Ng5 23. h4 Ne6 24. g5 hxg5 25. hxg5 Nf4 26. Bxf4 exf4 27. Qxf4 Qg6 28. Nd5 Bxd5 29. exd5 Bd6 30. Raf1 Qxg5 31. Kg1 Bxf4 32. Rxf4 Rd6 33. R4f3 Rg6 0-1


[Site "https://www.chess.com"]

[Event "Titled Tuesday Blitz June 20 Late 2023"]
[White "Martinez Ramirez, Lennis"]
[Black "Tobares, Leandro"]
[WhiteFideId "3509079"]
[BlackFideId "106402"]
[WhiteElo "2410"]
[BlackElo "2292"]
[Result "1-0"]
[Round "1"]
[TimeControl "180+2"]
[Date "2023.06.20"]
[WhiteClock "0:00:52"]
[BlackClock "0:00:31"]
[Board "121"]

1. c4 e5 2. g3 Nf6 3. Bg2 Nc6 4. Nc3 Bb4 5. Nd5 O-O 6. e3 Re8 7. Ne2 e4 8. Qc2 Bf8 9. Nec3 Nb4 10. Nxb4 Bxb4 11. Nxe4 h6 12. Nxf6+ Qxf6 13. O-O Bf8 14. d4 d6 15. Bd2 Bf5 16. e4 Bg6 17. Bc3 Qe7 18. Rae1 c6 19. f4 Bh5 20. h3 f6 21. g4 Bf7 22. b3 Rac8 23. Qf2 Qc7 24. h4 d5 25. g5 dxc4 26. gxf6 cxb3 27. fxg7 Bxg7 28. axb3 Bxb3 29. f5 Rf8 30. e5 Bc4 31. f6 Bxf1 32. Rxf1 Qd7 33. Qg3 Rf7 34. Bh3 Qd8 35. Be6 Rc7 36. Qxg7# 1-0


[Site "https://www.chess.com"]

[Event "Titled Tuesday Blitz June 20 Late 2023"]
[White "Lach, Aleksandra"]
[Black "Martic, Ivan"]
[WhiteFideId "1134299"]
[BlackFideId "929301"]
[WhiteElo "2111"]
[BlackElo "2346"]
[Result "0-1"]
[Round "1"]
[TimeControl "180+2"]
[Date "2023.06.20"]
[WhiteClock "0:00:15"]
[BlackClock "0:00:14"]
[Board "122"]

1. e4 c5 2. Nf3 e6 3. g3 Nc6 4. Bg2 Nf6 5. Nc3 e5 6. O-O d6 7. d3 Rb8 8. a4 a6 9. Bg5 Be7 10. Bxf6 Bxf6 11. Nd5 O-O 12. c3 b5 13. axb5 axb5 14. h3 Kh8 15. g4 Ne7 16. Nxf6 gxf6 17. Qd2 Ng6 18. Qh6 Rg8 19. Nh4 Nf4 20. Ra7 Rb7 21. Rfa1 Rxa7 22. Rxa7 Be6 23. Nf5 Rg6 24. Qh4 Qf8 25. d4 cxd4 26. cxd4 exd4 27. Bf1 d3 28. Qg3 Ne2+ 29. Bxe2 dxe2 30. Qe3 Qb8 31. Ra1 Bxf5 32. exf5 Rg8 33. Qxe2 Re8 34. Qf3 Qc7 35. Kg2 Kg7 36. Ra3 h6 37. Rc3 Qd7 38. Qf4 Qb7+ 39. Rf3 Re5 40. h4 Re4 41. Qg3 Qd5 42. g5 Qd4 43. gxf6+ Kxf6 44. Kh3 Qd1 45. Qg2 Re1 46. Rg3 Rh1+ 47. Qh2 Rxh2+ 48. Kxh2 Qd2 49. Rg2 Qxb2 50. h5 Qe5+ 51. Rg3 Qxf5 52. Kg2 Qxh5 53. Rf3+ Qxf3+ 54. Kxf3 Ke5 55. Ke3 f5 56. Kd2 h5 57. Ke2 Kf4 58. Ke1 h4 59. Kf1 b4 60. Kg2 b3 61. Kg1 0-1


[Site "https://www.chess.com"]

[Event "Titled Tuesday Blitz June 20 Late 2023"]
[White "Tomiello, Lucas Costamilan"]
[Black "Brozyna, Mateusz"]
[WhiteFideId "22701940"]
[BlackFideId "21816140"]
[WhiteElo "2116"]
[BlackElo "2189"]
[Result "1-0"]
[Round "1"]
[TimeControl "180+2"]
[Date "2023.06.20"]
[WhiteClock "0:00:07"]
[BlackClock "0:00:04"]
[Board "123"]

1. e4 e5 2. Bc4 Nf6 3. d3 c6 4. Nf3 Bd6 5. O-O Bc7 6. d4 d6 7. Nc3 O-O 8. dxe5 dxe5 9. Bg5 Nbd7 10. Qe2 h6 11. Bh4 Qe7 12. Rfd1 Nc5 13. h3 b5 14. Bb3 g5 15. Bg3 b4 16. Na4 Ncxe4 17. Bh2 g4 18. hxg4 Bxg4 19. Qe3 Kh7 20. Nh4 Ng5 21. f3 Be6 22. Bxe6 Qxe6 23. Nc5 Bb6 24. Kh1 Bxc5 25. Qxc5 Nd5 26. Re1 e4 27. f4 Qg4 28. fxg5 Qxh4 29. Qxc6 Qxg5 30. Rxe4 Rg8 31. Rg1 Rac8 32. Qd7 Rxc2 33. Re5 Nb6 34. Qxf7+ Rg7 35. Qb3 Qd2 36. Qh3 Nc4 37. Re6 Rxb2 38. Qf5+ Kh8 39. Re8+ Rg8 40. Qf6+ Kh7 41. Qf5+ Kh8 42. Rxg8+ Kxg8 43. Qe6+ Kg7 44. Qxc4 Qc3 45. Qg4+ Kh7 46. Qf5+ Kg8 47. Be5 Qc2 48. Qe6+ Kh7 49. Qf7# 1-0


[Site "https://www.chess.com"]

[Event "Titled Tuesday Blitz June 20 Late 2023"]
[White "K2JW"]
[Black "Arabidze, Meri"]
[BlackFideId "13604040"]
[WhiteElo "2341"]
[BlackElo "2405"]
[Result "0-1"]
[Round "1"]
[TimeControl "180+2"]
[Date "2023.06.20"]
[WhiteClock "0:00:00"]
[BlackClock "0:01:04"]
[Board "124"]

1. d4 f5 2. c4 Nf6 3. g3 e6 4. Bg2 c6 5. Nf3 d5 6. O-O Bd6 7. b3 Qe7 8. Nc3 O-O 9. Qc2 Bd7 10. Ne5 Be8 11. Nd3 Nbd7 12. Bf4 Ne4 13. f3 Bxf4 14. fxe4 Be3+ 15. Kh1 Bxd4 16. exd5 cxd5 17. Nf4 Bf7 18. Rad1 Bxc3 19. Qxc3 Rac8 20. Qd2 Nc5 21. cxd5 e5 22. d6 Qf6 23. Nd5 Qxd6 24. Rxf5 Rcd8 25. Qg5 Kh8 26. Rdf1 Bxd5 27. Rxf8+ Rxf8 0-1


[Site "https://www.chess.com"]

[Event "Titled Tuesday Blitz June 20 Late 2023"]
[White "Ashraf, Artin"]
[Black "Avalos Parra, Joao"]
[WhiteFideId "22514805"]
[BlackFideId "3402541"]
[WhiteElo "2224"]
[BlackElo "2173"]
[Result "1-0"]
[Round "1"]
[TimeControl "180+2"]
[Date "2023.06.20"]
[WhiteClock "0:00:19"]
[BlackClock "0:00:00"]
[Board "125"]

1. b3 e5 2. Bb2 Nc6 3. c4 Nf6 4. e3 d5 5. cxd5 Nxd5 6. a3 Bd6 7. Nc3 Nxc3 8. Bxc3 O-O 9. b4 Kh8 10. Nf3 h6 11. b5 Ne7 12. Bxe5 Bg4 13. Bb2 Ng6 14. Be2 Qd7 15. a4 Rae8 16. O-O Qf5 17. Nd4 Qh5 18. h3 Bxe2 19. Qxe2 Qd5 20. Qf3 Qg5 21. Qf5 Qh4 22. Qg4 Qf6 23. Qf3 Qg5 24. Qxb7 Re7 25. Qf3 h5 26. Nf5 Ne5 27. Bxe5 Rxe5 28. Nxd6 cxd6 29. d4 Rf5 30. Qb7 Rf6 31. Kh1 d5 32. Qxa7 Rg6 33. Rg1 Qf5 34. Raf1 Re8 35. b6 Qe4 36. b7 1-0


[Site "https://www.chess.com"]

[Event "Titled Tuesday Blitz June 20 Late 2023"]
[White "crosky"]
[Black "Garcia Ramos, Daniel"]
[BlackFideId "32010311"]
[WhiteElo "2340"]
[BlackElo "2341"]
[Result "1-0"]
[Round "1"]
[TimeControl "180+2"]
[Date "2023.06.20"]
[WhiteClock "0:00:10"]
[BlackClock "0:00:09"]
[Board "126"]

1. d4 d5 2. c4 e6 3. Nc3 Nf6 4. cxd5 Nxd5 5. e4 Nxc3 6. bxc3 c5 7. Nf3 cxd4 8. cxd4 Bb4+ 9. Bd2 Bxd2+ 10. Qxd2 O-O 11. Bc4 Nd7 12. O-O b6 13. Rad1 Bb7 14. Rfe1 Rc8 15. Bb3 h6 16. Qf4 Qc7 17. Qxc7 Rxc7 18. d5 exd5 19. exd5 Nc5 20. d6 Rcc8 21. Ne5 Rcd8 22. Bc4 Be4 23. f3 Bf5 24. Nc6 Be6 25. Bxe6 fxe6 26. Nxd8 Rxd8 27. Re5 Kf7 28. Kf2 Kf6 29. f4 Rd7 30. g4 g5 31. Ke3 Nb7 32. h4 Nxd6 33. hxg5+ hxg5 34. Kf3 gxf4 35. Re2 e5 36. Red2 Ke6 37. g5 Rd8 38. g6 Kf5 39. Rxd6 Rh8 40. g7 Rg8 41. Rd7 e4+ 42. Kf2 Kg4 43. Rg1+ Kh4 44. Rh1+ Kg4 45. Rh8 e3+ 46. Ke2 1-0


[Site "https://www.chess.com"]

[Event "Titled Tuesday Blitz June 20 Late 2023"]
[White "Lopez Mulet, Inigo"]
[Black "Freile Martin, Javier"]
[WhiteFideId "22235620"]
[BlackFideId "3600165"]
[WhiteElo "2302"]
[BlackElo "2320"]
[Result "1-0"]
[Round "1"]
[TimeControl "180+2"]
[Date "2023.06.20"]
[WhiteClock "0:00:43"]
[BlackClock "0:00:00"]
[Board "127"]

1. Nc3 d6 2. e4 e5 3. Bc4 Nf6 4. d3 Be7 5. f4 exf4 6. Bxf4 O-O 7. Nf3 c6 8. O-O d5 9. Bb3 dxe4 10. dxe4 Nbd7 11. Kh1 Nc5 12. Qe2 Nxb3 13. axb3 Be6 14. Ng5 Qc8 15. e5 Nd5 16. Nce4 Bxg5 17. Bxg5 h6 18. Bd2 Ne7 19. Qh5 Bg4 20. Qh4 Ng6 21. Qg3 Bf5 22. Rae1 Bxe4 23. Rxe4 Qe6 24. c4 Rad8 25. Bc3 Rd7 26. h4 Rfd8 27. Kh2 Rd3 28. Qg4 Qxg4 29. Rxg4 Nf8 30. Rf6 Ng6 31. Rf2 Nf8 32. Rf6 Ng6 33. Rd6 R8xd6 34. exd6 Rxd6 35. h5 Ne7 36. Bxg7 f5 37. Rg3 Kf7 38. Be5 Re6 39. Rg7+ Ke8 40. Bf4 Re4 41. Kg3 Kf8 42. Rh7 Ng8 43. Rxb7 Nf6 44. Bxh6+ Ke8 45. Rxa7 Nxh5+ 46. Kh3 Re2 47. Ra5 Rxb2 48. Rxf5 Rxb3+ 49. Kh4 Rb4 50. Kxh5 Rxc4 51. g4 Rc2 52. g5 c5 53. g6 c4 54. g7 Rg2 55. Bg5 1-0


[Site "https://www.chess.com"]

[Event "Titled Tuesday Blitz June 20 Late 2023"]
[White "Shapiro, Daniel"]
[Black "Domingo Nunez, Alejandro"]
[WhiteFideId "2001780"]
[BlackFideId "22245561"]
[WhiteElo "2335"]
[BlackElo "2291"]
[Result "0-1"]
[Round "1"]
[TimeControl "180+2"]
[Date "2023.06.20"]
[WhiteClock "0:00:00"]
[BlackClock "0:00:36"]
[Board "128"]

1. d4 g6 2. e4 Bg7 3. Nc3 c6 4. h3 d5 5. Nf3 dxe4 6. Nxe4 Nf6 7. Nxf6+ exf6 8. Bc4 O-O 9. O-O a5 10. a4 Na6 11. c3 Nc7 12. Bf4 Nd5 13. Bh2 Re8 14. Re1 Be6 15. Qd2 Qd7 16. Re2 Bf8 17. Rae1 Kg7 18. Re4 h5 19. Bd3 Bd6 20. Bxd6 Qxd6 21. Bf1 Nb6 22. Qd1 Red8 23. Nd2 c5 24. Nf3 c4 25. Nd2 Qc6 26. g4 hxg4 27. hxg4 Rh8 28. Bg2 Bd5 29. Qe2 Bxe4 30. Bxe4 Qd6 31. Bg2 Nd5 32. Nxc4 Qh2+ 33. Kf1 Nf4 34. Qf3 Rae8 35. Re3 Nxg2 36. Qxg2 Qf4 0-1


[Site "https://www.chess.com"]

[Event "Titled Tuesday Blitz June 20 Late 2023"]
[White "Jeet, Jain"]
[Black "Rodrigues, Bruno Morado"]
[WhiteFideId "5073022"]
[BlackFideId "2115654"]
[WhiteElo "2067"]
[BlackElo "2040"]
[Result "0-1"]
[Round "1"]
[TimeControl "180+2"]
[Date "2023.06.20"]
[WhiteClock "0:00:57"]
[BlackClock "0:00:18"]
[Board "129"]

1. Nf3 Nf6 2. b3 d5 3. Bb2 e6 4. e3 Be7 5. d4 O-O 6. Bd3 c5 7. O-O Ne4 8. Nbd2 Nxd2 9. Qxd2 Bf6 10. Ne5 b6 11. f4 Bb7 12. a4 Nd7 13. c3 Rc8 14. Ba3 Re8 15. Rf3 c4 16. Bc2 cxb3 17. Bxb3 Ba6 18. Rh3 Qc7 19. Rc1 Be7 20. Bxe7 Rxe7 21. Bc2 Nf6 22. Bb1 Ne4 23. Qe1 h6 24. Qh4 Nxc3 25. Rg3 Ne2+ 26. Kf2 Qxc1 27. Qxe7 Qc7 28. Qxc7 Rxc7 29. Rh3 Nc3 30. Bc2 Ne4+ 31. Bxe4 dxe4 32. f5 exf5 33. Kg3 g6 34. Rxh6 Rc3 35. Kf4 Ra3 36. Nc6 Rxa4 37. Nxa7 Bf1 38. Nc8 b5 39. g4 fxg4 40. Nd6 b4 41. Nxe4 b3 42. d5 b2 43. Kg5 Rxe4 0-1


[Site "https://www.chess.com"]

[Event "Titled Tuesday Blitz June 20 Late 2023"]
[White "Rosenberg, Evan S"]
[Black "Seemann, Jakub"]
[WhiteFideId "2019299"]
[BlackFideId "21874697"]
[WhiteElo "2331"]
[BlackElo "2364"]
[Result "0-1"]
[Round "1"]
[TimeControl "180+2"]
[Date "2023.06.20"]
[WhiteClock "0:01:09"]
[BlackClock "0:01:29"]
[Board "130"]

1. d4 Nf6 2. Bg5 e6 3. e4 h6 4. Bxf6 Qxf6 5. Nc3 d6 6. Qd2 g6 7. f4 Bg7 8. O-O-O Nd7 9. Nf3 O-O 10. e5 Qe7 11. g4 c5 12. Ne4 d5 13. Nd6 cxd4 14. Nxd4 Nxe5 15. fxe5 Bxe5 16. Nxc8 Raxc8 17. Kb1 Bg7 18. c3 a6 19. h4 b5 20. h5 g5 21. Qd3 b4 22. Rc1 bxc3 23. Rxc3 Rxc3 24. bxc3 Bxd4 25. cxd4 Rb8+ 26. Ka1 Qb4 0-1


[Site "https://www.chess.com"]

[Event "Titled Tuesday Blitz June 20 Late 2023"]
[White "Mortazavi, Ali"]
[Black "Buscar, Michael"]
[WhiteFideId "401323"]
[BlackFideId "2603616"]
[WhiteElo "2339"]
[BlackElo "2010"]
[Result "1-0"]
[Round "1"]
[TimeControl "180+2"]
[Date "2023.06.20"]
[WhiteClock "0:00:17"]
[BlackClock "0:00:00"]
[Board "131"]

1. Nf3 d5 2. g3 Nf6 3. Bg2 e6 4. O-O Be7 5. d3 O-O 6. Nbd2 c6 7. e4 Nbd7 8. e5 Ne8 9. Re1 f5 10. exf6 Ndxf6 11. Ne5 Bd6 12. Ndf3 Nd7 13. Nxd7 Bxd7 14. d4 Qc7 15. Ne5 Nf6 16. c3 Rae8 17. h3 Bc8 18. Bf4 Nd7 19. Nxd7 Bxd7 20. Bxd6 Qxd6 21. f4 c5 22. h4 Re7 23. Kh2 Be8 24. Qd2 Bg6 25. Re5 Bf5 26. Rae1 Rc7 27. dxc5 Qxc5 28. Bh3 Rd7 29. Rd1 Bxh3 30. Kxh3 Rf6 31. Qd4 Qxd4 32. Rxd4 Kf7 33. Kg4 Rg6+ 34. Kf3 Rf6 35. Ke3 Ke7 36. a4 Kd6 37. h5 Rf5 38. Rxf5 exf5 39. Kd3 Kc5 40. b4+ Kc6 41. Kd2 Re7 42. c4 dxc4 43. Rxc4+ Kd6 44. Rc8 a6 45. a5 Ke6 46. Kd3 Rd7+ 47. Kc4 Kd6 48. Rh8 h6 49. Rf8 Ke6 50. Kc5 Rd5+ 51. Kc4 Rb5 52. Rg8 Kf7 53. Rc8 Ke7 54. Rc7+ Kf6 55. Rc5 Rxc5+ 56. Kxc5 Ke7 57. Kb6 1-0


[Site "https://www.chess.com"]

[Event "Titled Tuesday Blitz June 20 Late 2023"]
[White "Prieto Aranguren, Alain"]
[Black "ATM622"]
[WhiteFideId "2268906"]
[WhiteElo "2209"]
[BlackElo "2632"]
[Result "0-1"]
[Round "1"]
[TimeControl "180+2"]
[Date "2023.06.20"]
[WhiteClock "0:00:39"]
[BlackClock "0:01:37"]
[Board "132"]

1. d4 Nf6 2. Bg5 Ne4 3. Bf4 d5 4. e3 g6 5. Bd3 Bg7 6. Nd2 f5 7. Ngf3 O-O 8. O-O c5 9. c4 e6 10. Rc1 cxd4 11. exd4 Nc6 12. Nb3 a5 13. a4 Nb4 14. Be2 Bd7 15. Be5 Bxa4 16. Bxg7 Kxg7 17. Ra1 Bc6 18. c5 a4 19. Nbd2 b6 20. cxb6 Qxb6 21. Re1 Rfb8 22. Ne5 Qxd4 23. Ndf3 Qxf2+ 24. Kh1 Qe3 25. Qc1 Nf2+ 26. Kg1 Nh3+ 0-1


[Site "https://www.chess.com"]